 Dungeon Crawl Stone Soup version 0.31-a0-188-g5e087ee2ca (webtiles) character file.

Game seed: 15170829027973572233

946 qw the Skirmisher (level 7, -6/40 HPs)
             Began as a Deep Elf Hunter on June 23, 2023.
             Was a Follower of Okawaru.
             Mangled by a gnoll sergeant
             ... wielding a +0 heavy spear
              (11 damage)
             ... on level 5 of the Dungeon.
             The game lasted 00:01:51 (5688 turns).

qw the Skirmisher (Deep Elf Hunter)                 Turns: 5688, Time: 00:01:52

Health: -6/40      AC:  4    Str: 14    XL:     7   Next: 89%
Magic:  9/11       EV: 17    Int: 13    God:    Okawaru [*.....]
Gold:   230        SH:  5    Dex: 17    Spells: 6/6 levels left

rFire   . . .        Y - +0 orcbow
rCold   . . .        (shield currently unavailable)
rNeg    . . .        c - +0 leather armour
rPois   .            (no helmet)
rElec   .            (no cloak)
rCorr   .            (no gloves)
SInv    .            h - +0 pair of boots
Will    .....        g - amulet of reflection
Stlth   +++          (no ring)
HPRegen 0.26/turn    (no ring)
MPRegen 0.12/turn

%: reflection
@: about to teleport, heroic
A: deterioration 1, mutation resistance 1, strong 1
a: Renounce Religion, Heroism


You were on level 5 of the Dungeon.
You worshipped Okawaru.
Okawaru was aware of your devotion.
You visited 2 branches of the dungeon, and saw 6 of its levels.
You also visited: Sewer.

You collected 230 gold pieces.


Innate Abilities, Weirdness & Mutations

Your body sometimes deteriorates upon taking damage.
You are somewhat resistant to further mutation.
Your muscles are strong. (Str +4, Int/Dex -1)


   Skills:
 - Level 2.2(7.2) Fighting
 + Level 10.9(15.9) Ranged Weapons
 - Level 4.8(9.8) Dodging
 - Level 1.2(6.2) Stealth
 + Level 3.4 Invocations


You had 6 spell levels left.
You didn't know any spells.
Your spell library was empty.

Inventory:

Hand Weapons
 Y - a +0 orcbow (weapon)
Armour
 c - a +0 leather armour (worn)
 h - a +0 pair of boots (worn)
 m - a +0 ring mail
Jewellery
 g - an amulet of reflection (around neck)
 o - a +6 ring of dexterity
Scrolls
 a - 3 scrolls of identify
 b - a scroll of teleportation
Potions
 d - a potion of cancellation
 e - a potion of enlightenment
 f - a potion of resistance
 i - a potion of curing
 j - a potion of haste
 k - 2 potions of mutation
 l - a potion of lignification {unknown}
 n - a potion of magic {unknown}
 p - a potion of experience {unknown}

Dungeon Overview and Level Annotations

Branches:
Dungeon (5/15)             Temple (1/1) D:4           Sewer (visited)

Altars:
Ashenzari
Cheibriados
Dithmenos
Elyvilon
Gozag
Hepliaklqana
Kikubaaqudgha
Okawaru
Qazlal
Sif Muna
Trog
Uskayaw
Vehumet
Wu Jian
Xom
Yredelemnul
The Shining One

Shops:
D:5 (

Annotations:
D:4 2 runed translucent doors, qw's ghost, amateur DEHu


Message History

You kill the gnoll!
Okawaru accepts your kill.
You shoot an arrow. The arrow hits the gnoll!
The gnoll is heavily wounded.
A gnoll comes into view. It is wielding a +0 spear.
You shoot an arrow.
The arrow barely misses the gnoll sergeant.
You shoot an arrow. The arrow hits the gnoll!
You kill the gnoll!
Okawaru accepts your kill.
You shoot an arrow.
The arrow barely misses the gnoll sergeant.
The arrow hits the gnoll.
The gnoll is lightly wounded.
The gnoll sergeant hits you from afar with a +0 heavy spear!
5682 ||| INVOKING Heroism.
You gain the combat prowess of a mighty hero.
The gnoll hits you from afar with a +0 spear.
You shoot an arrow. The arrow hits the gnoll!
You kill the gnoll!
Okawaru accepts your kill. You block the gnoll sergeant's attack.
You shoot an arrow. The arrow hits the gnoll sergeant.
The gnoll sergeant is lightly wounded.
The gnoll sergeant hits you from afar with a +0 heavy spear!
You shoot an arrow. The arrow closely misses the gnoll.
The arrow barely misses the gnoll sergeant.
You shoot an arrow. The arrow barely misses the gnoll.
The arrow hits the gnoll sergeant.
The gnoll sergeant is moderately wounded.
The gnoll closely misses you.
You shoot an arrow. The arrow hits the gnoll.
The gnoll is lightly wounded.
The gnoll sergeant hits you from afar with a +0 heavy spear!
You block the gnoll's attack.
5688 ||| READING 2 scrolls of teleportation.
As you read the scroll of teleportation, it crumbles to dust.
You feel strangely unstable.
The gnoll sergeant hits you from afar with a +0 heavy spear!
You die...

#...#
##..####.......#
.....
#...##......###
....#
##..........# ..
##...........##
###....######...##
##......# ##....
#......## ###.#
#..##..# ###
#.@###.# #.g# #.#
#)g# .# #)). ..
#..# . ...# ).##
..#


You could see a gnoll sergeant and a gnoll.

Vanquished Creatures
  Sigmund (D:5)
  An ogre (D:5)
  A phantom (D:5)
  A kobold brigand (Sewer)
  A bullfrog (D:5)
  2 scorpions
  2 jellies (D:5)
  A hound (D:4)
  2 iguanas
  4 gnolls (D:5)
  7 adders
  3 river rats (Sewer)
  An ufetubus (D:5)
  3 worms
  A dart slug (D:1)
  An orc (D:5)
  4 bats
  4 endoplasms
  6 giant cockroaches
  5 goblins
  7 hobgoblins
  5 jackals (D:1)
  3 quokkas
  9 ball pythons
  A frilled lizard (D:2)
  17 kobolds
  13 rats
106 creatures vanquished.

Notes
Turn   | Place    | Note
-------+----------+-------------------------------------------
     0 | D:1      | qw the Deep Elf Hunter began the quest for the Orb.
     0 | D:1      | Reached XP level 1. HP: 12/12 MP: 3/3
     0 | D:1      | 0 ||| qw: Version: 0.3-a-9-g12657ce
     0 | D:1      | 0 ||| qw: Game counter: 4101
     0 | D:1      | 0 ||| qw: Always use a shield: true
     0 | D:1      | 0 ||| qw: God list: Okawaru
     0 | D:1      | 0 ||| qw: Allow faded altars: false
     0 | D:1      | 0 ||| qw: Do Orc after D:15 true
     0 | D:1      | 0 ||| qw: Do second Lair branch before Depths: true
     0 | D:1      | 0 ||| qw: Lair rune preference: random
     0 | D:1      | 0 ||| qw: Plans: Normal
     0 | D:1      | 0 ||| PLANNING D:1-11
   167 | D:1      | Reached XP level 2. HP: 16/16 MP: 4/4
   168 | D:1      | Reached skill level 6 in Ranged Weapons
   348 | D:1      | Reached XP level 3. HP: 20/20 MP: 5/5
   664 | D:1      | 664 ||| READING scroll labelled SEUSOO OG COHO.
   665 | D:1      | 665 ||| DROPPING scroll of butterflies.
   732 | D:2      | Reached skill level 7 in Ranged Weapons
   755 | D:2      | Found a snail-covered altar of Cheibriados.
  1342 | D:2      | Reached XP level 4. HP: 25/25 MP: 6/6
  1435 | D:2      | You fall into a shaft and drop 1 floor!
  1473 | D:3      | Found a basalt altar of Yredelemnul.
  1552 | D:3      | 1552 ||| UPGRADING to amulet of reflection.
  1557 | D:3      | 1557 ||| DROPPING amulet of regeneration.
  1558 | D:3      | 1558 ||| READING scroll labelled NOTHAU DATUE.
  1559 | D:3      | 1559 ||| READING scroll labelled BEIHES WEUHUPE.
  1560 | D:3      | 1560 ||| FLEEEEING.
  1609 | D:3      | 1609 ||| READING scroll labelled WIYHUACK SOER.
  1610 | D:3      | 1610 ||| DRINKING 2 purple potions.
  2440 | D:3      | Found a shimmering blue altar of Sif Muna.
  2645 | D:3      | 2645 ||| SWAPPING to +0 orcbow.
  2646 | D:3      | 2646 ||| DROPPING +0 shortbow.
  2777 | D:3      | 2777 ||| UPGRADING to +0 pair of boots.
  2782 | D:3      | 2782 ||| DRINKING 2 metallic amethyst potions.
  2786 | D:3      | 2786 ||| DROPPING potion of ambrosia.
  2863 | D:4      | Found a runed translucent door.
  2863 | D:4      | Noticed a bullfrog
  2865 | D:4      | Noticed qw's ghost (amateur DEHu)
  3006 | D:4      | Found a staircase to the Ecumenical Temple.
  3007 | D:4      | 3007 ||| PLANNING TEMPLE
  3007 | D:4      | 3007 ||| READING 3 scrolls labelled JUSTRO TICEJEU.
  3010 | D:4      | 3010 ||| READING 2 scrolls of identify.
  3010 | D:4      | 3010 ||| IDENTIFYING puce potion
  3038 | Temple   | Entered the Ecumenical Temple
  3040 | Temple   | 3040 ||| PLANNING OKAWARU WORSHIP
  3076 | Temple   | Became a worshipper of Warmaster Okawaru
  3077 | Temple   | 3077 ||| PLANNING D:1-11
  3131 | D:4      | Reached skill level 8 in Ranged Weapons
  3163 | D:4      | Noticed a scorpion
  3168 | D:4      | Killed a scorpion
  3169 | D:4      | Reached XP level 5. HP: 29/29 MP: 7/7
  3226 | D:4      | Found a runed translucent door.
  3303 | D:4      | Reached skill level 9 in Ranged Weapons
  3443 | D:4      | 3443 ||| READING scroll labelled WIT KAJIEZXU.
  3467 | D:5      | Entered Level 5 of the Dungeon
  3467 | D:5      | Noticed Sigmund
  3468 | D:5      | 3468 ||| PLANNING SEWER
  3470 | D:5      | 3470 ||| STAIRDANCE
  3559 | D:5      | 3559 ||| STAIRDANCE
  3640 | D:5      | 3640 ||| STAIRDANCE
  3740 | D:5      | 3740 ||| STAIRDANCE
  3792 | D:5      | 3792 ||| STAIRDANCE
  3923 | D:5      | 3923 ||| STAIRDANCE
  4020 | D:5      | Killed Sigmund
  4021 | D:5      | Reached XP level 6. HP: 34/34 MP: 8/8
  4049 | D:5      | Found a glowing drain.
  4061 | D:5      | Reached * piety under Okawaru
  4091 | D:5      | 4091 ||| INVOKING Heroism.
  4199 | Sewer    | Entered a sewer
  4207 | Sewer    | Reached skill level 1 in Invocations
  4253 | Sewer    | 4253 ||| Stepping ~*~*~tactically~*~*~ (water).
  4255 | Sewer    | 4255 ||| Stepping ~*~*~tactically~*~*~ (water).
  4257 | Sewer    | 4257 ||| Stepping ~*~*~tactically~*~*~ (water).
  4259 | Sewer    | 4259 ||| Stepping ~*~*~tactically~*~*~ (water).
  4261 | Sewer    | 4261 ||| Stepping ~*~*~tactically~*~*~ (water).
  4263 | Sewer    | 4263 ||| Stepping ~*~*~tactically~*~*~ (water).
  4276 | Sewer    | 4276 ||| Stepping ~*~*~tactically~*~*~ (water).
  4278 | Sewer    | 4278 ||| Stepping ~*~*~tactically~*~*~ (water).
  4280 | Sewer    | 4280 ||| Stepping ~*~*~tactically~*~*~ (water).
  4308 | Sewer    | 4308 ||| Stepping ~*~*~tactically~*~*~ (water).
  4310 | Sewer    | 4310 ||| Stepping ~*~*~tactically~*~*~ (water).
  4312 | Sewer    | 4312 ||| Stepping ~*~*~tactically~*~*~ (water).
  4361 | Sewer    | 4361 ||| FLEEEEING.
  4362 | Sewer    | 4362 ||| FLEEEEING.
  4363 | Sewer    | 4363 ||| FLEEEEING.
  4368 | Sewer    | 4368 ||| INVOKING Heroism.
  4373 | Sewer    | Reached XP level 7. HP: 25/40 MP: 6/10
  4487 | Sewer    | 4487 ||| Stepping ~*~*~tactically~*~*~ (water).
  4489 | Sewer    | 4489 ||| Stepping ~*~*~tactically~*~*~ (water).
  4491 | Sewer    | 4491 ||| Stepping ~*~*~tactically~*~*~ (water).
  4527 | Sewer    | 4527 ||| Stepping ~*~*~tactically~*~*~ (water).
  4529 | Sewer    | 4529 ||| Stepping ~*~*~tactically~*~*~ (water).
  4531 | Sewer    | 4531 ||| Stepping ~*~*~tactically~*~*~ (water).
  4562 | Sewer    | 4562 ||| READING scroll labelled ZOAZUL VINUQUA.
  4563 | Sewer    | 4563 ||| READING scroll labelled ITZO CULAOWKY.
  4564 | Sewer    | 4564 ||| DRINKING 2 fizzy emerald potions.
  4565 | Sewer    | 4565 ||| DRINKING 3 silvery potions.
  4565 | Sewer    | Gained mutation: Your muscles are strong. (Str +4, Int/Dex
                  | -1) [potion of mutation]
  4565 | Sewer    | Gained mutation: Your body sometimes deteriorates upon
                  | taking damage. [potion of mutation]
  4565 | Sewer    | Gained mutation: You are somewhat resistant to further
                  | mutation. [potion of mutation]
  4566 | Sewer    | 4566 ||| READING 3 scrolls of identify.
  4566 | Sewer    | 4566 ||| IDENTIFYING fuming dark potion
  4567 | Sewer    | 4567 ||| READING 2 scrolls of identify.
  4567 | Sewer    | 4567 ||| IDENTIFYING green potion
  4568 | Sewer    | 4568 ||| Stepping randomly (stuck).
  4569 | Sewer    | 4569 ||| Stepping ~*~*~tactically~*~*~ (cloud).
  4683 | D:5      | 4683 ||| PLANNING D:1-11
  4961 | D:5      | 4961 ||| INVOKING Heroism.
  4965 | D:5      | Reached skill level 10 in Ranged Weapons
  5138 | D:5      | 5138 ||| INVOKING Heroism.
  5191 | D:5      | 5191 ||| INVOKING Heroism.
  5276 | D:5      | Found a bloodstained altar of Trog.
  5303 | D:5      | 5303 ||| INVOKING Heroism.
  5307 | D:5      | Reached skill level 3 in Invocations
  5649 | D:5      | Found Mulekkoy's Weapon Shoppe.
  5654 | D:5      | 5654 ||| SHOPLISTING +6 shortbow "Geant" {antimagic, rF+}
                  | (795 gold, have 230).
  5682 | D:5      | 5682 ||| INVOKING Heroism.
  5687 | D:5      | HP: 5/40 [gnoll sergeant/+0 heavy spear (8)]
  5688 | D:5      | 5688 ||| READING 2 scrolls of teleportation.
  5688 | D:5      | Mangled by a gnoll sergeant

Levels and vault maps discovered:
D:1:      mrwooster_arrival_statue_2, layout_loops_ring, minivault_25
D:2:      layout_basic, basic_altar, kennysheep_potato
D:3:      layout_basic, nicolae_overflow_crystal_walls,
          mainiacjoe_overflow_cross_hatched
D:4:      layout_loops_ring, temple_green, ebering_ghost_sewer_f
D:5:      layout_layer_cave, overflow_temple_1_default, serial_shops, shop,
          gup_sewer_entry_glass, uniq_sigmund
Temple:   nicolae_temple_ecumenical_triangle

Skill      XL: |  1  2  3  4  5  6  7 |
---------------+----------------------+-----
Ranged Weapons | 6 7 8 9 10 | 10.9
Dodging        | 4 |  4.8
Fighting       | 2 |  2.2
Invocations    | 2 3 |  3.4
Stealth        | |  1.2

Action                     |  1- 3 |  4- 6 |  7- 9 || total
---------------------------+-------+-------+-------++-------
   Fire: Shortbow          |   125 |    33 |       ||   158
         Orcbow            |       |   114 |    77 ||   191
 Invoke: Heroism           |       |     2 |     5 ||     7
    Use: Scroll            |     1 |     6 |     5 ||    12
         Potion            |       |     2 |     2 ||     4
 Armour: Leather armour    |    17 |    12 |     2 ||    31
  Dodge: Dodged            |    31 |    47 |    10 ||    88
  Block: Other             |       |     8 |     7 ||    15

Table legend:
 A = Non-vault XP
 B = Vault XP
 C = Vault XP percentage of total XP
 D = Non-vault monster count
 E = Vault monster count
 F = Vault count percentage of total count
                 A         B        C        D         E       F
            +---------+---------+-------+---------+---------+-------
      Total |     904 |     448 |  33.1 |      78 |      28 |  26.4
            +---------+---------+-------+---------+---------+-------
        D:1 |      48 |       0 |   0.0 |      28 |       0 |   0.0
        D:2 |      45 |       8 |  15.1 |      14 |       3 |  17.6
        D:3 |      30 |       0 |   0.0 |      11 |       0 |   0.0
        D:4 |     175 |       0 |   0.0 |      11 |       0 |   0.0
        D:5 |     606 |     274 |  31.1 |      14 |       6 |  30.0
      Sewer |       0 |     166 | 100.0 |       0 |      19 | 100.0
            +---------+---------+-------+---------+---------+-------
